 Dungeon Crawl Stone Soup version 0.30-a0-782-ge64f9170bb (webtiles) character file.

Game seed: 11335657252137685621

329 Anon1729 the Trooper (level 6, 0/56 HPs)
             Began as a Minotaur Monk on Feb 21, 2023.
             Was a Believer of Okawaru.
             Splashed by a jelly's acid (8 damage)
             ... on level 4 of the Dungeon.
             The game lasted 00:03:15 (3294 turns).

Anon1729 the Trooper (Minotaur Monk)                Turns: 3294, Time: 00:03:15

Health: 0/56       AC: -6    Str: 18    XL:     6   Next: 25%
Magic:  5/5        EV:  8    Int:  7    God:    Okawaru [**....]
Gold:   243        SH:  0    Dex: 12    Spells: 5/5 levels left

rFire   + . .      SeeInvis .    a - +0 mace
rCold   . . .      Faith    .    (no shield)
rNeg    . . .      Spirit   .    l - +0 chain mail
rPois   .          Reflect  .    (helmet restricted)
rElec   .          Harm     .    (no cloak)
rCorr   .          Rampage  .    (no gloves)
Will    .....                    (no boots) Stlth
                                 (no amulet)
HPRegen 0.29/turn                k - ring of protection from fire
MPRegen 0.09/turn                (no ring)

@: corroded
A: horns 2, retaliatory headbutt
a: Renounce Religion, Heroism


You were on level 4 of the Dungeon.
You worshipped Okawaru.
Okawaru was pleased with you.
You visited 1 branch of the dungeon, and saw 4 of its levels.

You collected 243 gold pieces.

Inventory:

Hand Weapons
 a - a +0 mace (weapon)
Armour
 b - a +0 robe
 l - a +0 chain mail (worn)
Magical Staves
 q - a staff of cold
Jewellery
 k - a ring of protection from fire (left hand)
 o - a ring of fire
Scrolls
 c - a scroll of enchant weapon {unknown}
 d - a scroll of noise {unknown}
 f - 2 scrolls of brand weapon {unknown}
 n - 2 scrolls of immolation {unknown}
 p - 2 scrolls of vulnerability {unknown}
 r - 5 scrolls of identify {unknown}
 u - a scroll of blinking {unknown}
 v - a scroll of fear {unknown}
Potions
 e - 2 potions of haste {unknown}
 g - 2 potions of magic {unknown}
 h - 2 potions of flight {unknown}
 i - a potion of resistance {unknown}
 j - a potion of mutation {unknown}
 m - 3 potions of curing {unknown}
 s - a potion of lignification {unknown}
 t - a potion of might {unknown}
 w - a potion of heal wounds {unknown}
 x - a potion of attraction {unknown}


   Skills:
 + Level 5.0 Fighting
 - Level 4.5(5.1) Maces & Flails
 * Level 3.7(4.8) Staves
 + Level 2.9 Armour
 + Level 4.5 Dodging
 - Level 1.7 Stealth
 * Level 0.1 Invocations


You had 5 spell levels left.
You didn't know any spells.
Your spell library contained the following spells:

 Spells                   Type           Power      Damage    Failure   Level
 Sandblast                Erth           0%         2d4       99%         1
 Blink                    Tloc           0%         N/A       100%        2
 Passwall                 Tmut/Erth      0%         N/A       100%        2
 Stone Arrow              Conj/Erth      0%         3d7       100%        3
 Manifold Assault         Tloc           0%         N/A       100%        4
 Storm Form               Tmut/Air       0%         N/A       100%        7


Dungeon Overview and Level Annotations

Branches:
Dungeon (4/15)
 Temple: D:4-7

Altars:
Gozag
Makhleb
Okawaru
Wu Jian

Annotations:
D:4 3 runed translucent doors, Flugslaktarn's ghost, amateur MiFi


Innate Abilities, Weirdness & Mutations

You have a pair of horns on your head.
You reflexively headbutt those who attack you in melee.


Message History

A jelly comes into view.
The orc barely misses you.
You see here 12 gold pieces.
You hit the orc. Your headbutt misses the orc.
The orc is lightly wounded.
The orc closely misses you. The orc hits you but does no damage.
You sock the orc!
You kill the orc!
Okawaru accepts your kill.
You hit the jelly. The acid corrodes you!
Your hands burn!
You headbutt the jelly!
The jelly is severely wounded.
The jelly hits you but does no damage.
You hit the jelly but do no damage. The acid corrodes you!
Your hands burn!
The jelly is severely wounded.
The jelly hits you but does no damage.
You hit the jelly but do no damage. The acid corrodes you!
Your hands burn!
You headbutt the jelly, but do no damage.
The jelly is severely wounded.
The jelly hits you.
You are splashed with acid!
You hit the jelly but do no damage. The acid corrodes you!
Your hands burn!
Your headbutt misses the jelly.
The jelly is severely wounded.
The jelly hits you. The acid corrodes you!
You are splashed with acid!
You are too injured to fight recklessly!
You are too injured to fight recklessly!
You are too injured to fight recklessly!
You are too injured to fight recklessly!
You are too injured to fight recklessly!
You are too injured to fight recklessly!
You are too injured to fight recklessly!
A jelly is nearby!
You hit the jelly but do no damage.
Your hands burn!
The jelly is severely wounded.
The jelly hits you. The acid corrodes you!
You are splashed with acid!
* * * LOW HITPOINT WARNING * * *
The jelly hits you.
* * * LOW HITPOINT WARNING * * *
The acid corrodes you!
You are splashed with acid!
You die...

##.#.## #....###'##
##.#.#.##
####'###.##
##.#.#.#.##
#.....#....
##.#.###.#.##
##....'....
##.#.##.##.#.##
##..###.## ##.#.##
#.##.#.## ##'###)##
##.#.##.#.#.##.#.##
##...... ##.#.##
#...#)##.#.##
##..... #.#†##
#$)J@##.#.# ##....
##.#.## ##.#...#.##
##..... ##)#.##
##.#.#.## #......
##.#.## ##.#.##
######> ##.#.##
##.## ### ##.#.##
## #.. ##.#.## #..
##.#.## #..
###.#.## ###


You could see a jelly.

Vanquished Creatures
  A jelly (D:4)
  2 orc priests
  Terence (D:3)
  3 orc wizards
  5 adders
  2 worms
  A dart slug (D:3)
  11 orcs
  5 endoplasms
  4 giant cockroaches
  8 hobgoblins
  4 jackals (D:3)
  5 kobolds
  5 quokkas
  8 ball pythons
  8 bats
  2 frilled lizards (D:3)
  A goblin (D:4)
  7 rats
83 creatures vanquished.

Notes
Turn   | Place    | Note
-------+----------+-------------------------------------------
     0 | D:1      | Anon1729 the Minotaur Monk began the quest for the Orb.
     0 | D:1      | Reached XP level 1. HP: 19/19 MP: 0/0
   293 | D:1      | Reached XP level 2. HP: 27/27 MP: 1/1
  1036 | D:2      | Reached skill level 4 in Fighting
  1068 | D:2      | Reached skill level 1 in Armour
  1068 | D:2      | Reached XP level 3. HP: 18/33 MP: 2/2
  1671 | D:3      | Noticed Terence
  1678 | D:3      | Killed Terence
  1679 | D:3      | Reached skill level 1 in Staves
  1679 | D:3      | Reached XP level 4. HP: 26/40 MP: 3/3
  1750 | D:3      | Found an ornate altar of the Wu Jian Council.
  2261 | D:3      | Found a burning altar of Makhleb.
  2551 | D:3      | Reached XP level 5. HP: 39/47 MP: 4/4
  2699 | D:4      | Found a runed translucent gate.
  2700 | D:4      | Found a runed translucent gate.
  2702 | D:4      | Found a runed translucent gate.
  2702 | D:4      | Found an opulent altar of Gozag.
  2705 | D:4      | Noticed Flugslaktarn's ghost (amateur MiFi)
  2711 | D:4      | Noticed a black bear
  2994 | D:4      | Reached XP level 6. HP: 51/55 MP: 5/5
  3144 | D:4      | Found an iron altar of Okawaru.
  3163 | D:4      | Reached skill level 5 in Fighting
  3188 | D:4      | Became a worshipper of Warmaster Okawaru
  3188 | D:4      | Reached * piety under Okawaru
  3188 | D:4      | Reached ** piety under Okawaru
  3294 | D:4      | Splashed by a jelly's acid

Illustrated notes

Levels and vault maps discovered:
D:1:      dpeg_arrival_simpleton_b, layout_loops_ring,
          minmay_misc_feat_ornament, minivault_23, dreamdust_princess_corridor,
          dk_noncrumbling_4, minmay_misc_feat_x, serial_bayou_pond_c,
          minmay_crystal_water, minivault_4, minmay_pentomino_v2
D:2:      layout_rooms
D:3:      layout_basic, nicolae_wu_jian_wuxing_cycle, lemuel_doored_altar,
          kennysheep_another_room, uniq_terence
D:4:      minmay_inner_zag, layout_gridville, kennysheep_mini,
          ebering_ghost_gozag

Skill      XL: |  1  2  3  4  5  6 |
---------------+-------------------+-----
Maces & Flails | 4 |  4.5
Fighting       | 4 5 |  5.0
Armour         | 1 2 |  2.9
Staves         | 1 2 3 |  3.7
Dodging        | 4 |  4.5
Stealth        | |  1.7
Invocations    | |  0.1

Action                     |  1- 3 |  4- 6 || total
---------------------------+-------+-------++-------
  Melee: Mace              |    87 |   135 ||   222
         Headbutt          |     2 |    30 ||    32
    Use: Potion            |       |     1 ||     1
   Stab: Sleeping          |     3 |       ||     3
 Armour: Robe              |    21 |       ||    21
         Chain mail        |    20 |   100 ||   120
  Dodge: Dodged            |    55 |    51 ||   106

Table legend: (Time is in decaauts)
 A = Elapsed time spent in this place.
 B = Non-inter-level travel time spent in this place.
 C = Inter-level travel time spent in this place.
 D = Time resting spent in this place.
 E = Time spent auto-exploring this place.
 F = Levels seen in this place.
 G = Mean time per level.
                   A        B        C        D        E       F      G
               +--------+--------+--------+--------+--------+-----+--------+
         Total |   3342 |   3218 |    124 |     71 |   2595 |   4 |  835.5 |
       Dungeon |   3342 |   3218 |    124 |     71 |   2595 |   4 |  835.5 |
               +--------+--------+--------+--------+--------+-----+--------+

Top non-repeatable levels by time:
     D:1: 970 daAuts
     D:3: 922 daAuts
     D:2: 725 daAuts
     D:4: 723 daAuts
